Map: Ulrena

Players

바소 - Winner!

  • Race: Terran Terran
  • League: Diamond

ILLBdA

  • Race: Terran Terran
  • League: Diamond

VOD

Have the link to the VOD?

Description

Time

  • Played on: Dec. 17, 2015, 9:39 a.m.
  • Length: 3:15
Show
View Real Time Build Order
Export as new Build Order

바소 Terran - Winner!

Build Orders:  

Get SALT Encoding   

  12  0:02  SCV  
  13  0:14  SCV  
  14  0:17  Supply Depot  
  14  0:26  SCV  
  15  0:39  SCV  
  15  0:40  Barracks  
  16  0:45  Refinery  
  16  0:51  SCV  
  17  1:03  SCV  
  18  1:15  SCV  
  19  1:29  Orbital Command  
  19  1:30  Barracks Reactor  
  19  1:42  Command Center  
  19  1:48  Refinery  
  19  1:54  Supply Depot  
  19  1:58  SCV  
  20  2:06  Marine x2  
  22  2:10  SCV  
  23  2:21  Bunker  
  23  2:29  Marine x2  
  22  2:47  Marine  
  23  2:52  Factory  
  23  3:11  Command Center  
Show
View Real Time Build Order
Export as new Build Order

ILLBdA Terran 

Build Orders:  

Get SALT Encoding   

  12  0:00  SCV  
  13  0:13  SCV  
  14  0:21  Supply Depot  
  14  0:25  SCV  
  15  0:43  Barracks  
  15  0:50  Barracks  
  15  0:57  Refinery  
  15  1:01  SCV  
  16  1:13  SCV  
  17  1:25  SCV  
  18  1:32  Barracks Tech Lab  
  18  1:37  Orbital Command  
  18  1:39  Refinery  
  18  1:42  Barracks Tech Lab  
  18  1:51  Marauder  
  20  2:00  Marauder  
  22  2:08  Supply Depot  
  22  2:30  Marauder x2  
  22  2:32  Supply Depot  
  24  2:51  Marauder x2  
Tags
 
Matchup
TvT
Race
Terran
Replay Pack
me
Add a new tag
Caveats
  • Supply blocks, unpowered buildings, or Contaminate may cause inaccurate times.
  • Supply counts are checked every 10 seconds.